 Dungeon Crawl Stone Soup version 0.26.0-10-g1f06aea511 (webtiles) character file.

Game seed: 2247600907934930691

627 Borgoz the Slasher (level 7, 0/59 HPs)
             Began as a Ghoul Gladiator on Jan 15, 2021.
             Splashed by a jelly's acid (10 damage)
             ... on level 5 of the Dungeon.
             The game lasted 00:03:51 (4460 turns).

Borgoz the Slasher (Ghoul Gladiator)                Turns: 4460, Time: 00:03:52

Health: 0/59       AC:  5    Str: 18    XL:     7   Next: 47%
Magic:  6/6        EV: 12    Int:  3    God:
Gold:   200        SH:  0    Dex: 12    Spells: 6/6 levels left

rFire    . . .     SeeInvis .   a - +0 long sword
rCold    + . .     Faith    .   (no shield)
rNeg     + + +     Spirit   .   n - +2 ring mail {rPois}
rPois    ∞         Reflect  .   c - +0 helmet
rElec    .         Harm     .   (no cloak)
rCorr    .         Rampage  .   (no gloves)
Will     .....                  (no boots)
Stlth    +.........             (no amulet)
HPRegen  0.00/turn              (no ring)
MPRegen  0.10/turn              (no ring)

@: corroded
A: claws 1, cold resistance 1, negative energy resistance 3, inhibited
regeneration, torment resistance, unbreathing
a: no special abilities


You were on level 5 of the Dungeon.
You visited 1 branch of the dungeon, and saw 5 of its levels.
You also visited: Sewer.

You collected 200 gold pieces.

Inventory:

Hand Weapons
 a - a +0 long sword (weapon)
Missiles
 d - 3 throwing nets (quivered)
Armour
 c - a +0 helmet (worn)
 n - a +2 ring mail of poison resistance (worn)
Scrolls
 b - a scroll of fog {unknown}
 f - a scroll of blinking {unknown}
 h - 5 scrolls of identify {unknown}
 i - 2 scrolls of enchant weapon {unknown}
 j - a scroll of amnesia {unknown}
 k - a scroll of fear {unknown}
 l - 3 scrolls of magic mapping {unknown}
 o - a scroll of noise {unknown}
 p - 3 scrolls of immolation {unknown}
 q - 5 scrolls of remove curse {unknown}
 u - 2 scrolls of enchant armour {unknown}
Potions
 e - 4 potions of lignification {unknown}
 g - a potion of degeneration {unknown}
 m - 2 potions of curing
 r - 9 potions of heal wounds {unknown}
 s - 3 potions of flight {unknown}
 t - 2 potions of brilliance {unknown}
 v - 2 potions of might
 w - a potion of haste {unknown}
 x - a potion of ambrosia {unknown}


   Skills:
 + Level 4.0 Fighting
 * Level 4.9 Long Blades
 - Level 1.7 Throwing
 * Level 3.9 Armour
 + Level 3.9 Dodging


You had 6 spell levels left.
You didn't know any spells.
Your spell library contained the following spells:

 Spells                   Type           Power        Failure   Level
 Animate Skeleton         Necr           0%           71%         1
 Pain                     Necr           0%           71%         1
 Vampiric Draining        Necr           0%           97%         3
 Animate Dead             Necr           0%           100%        4
 Agony                    Necr           0%           100%        5


Dungeon Overview and Level Annotations

Branches:
Dungeon (5/15)              Sewer (visited)
 Temple: D:4-7

Altars:
Cheibriados
Fedhas
Kikubaaqudgha
Qazlal
Ru
Trog
Vehumet
Zin


Innate Abilities, Weirdness & Mutations

You thrive by killing the living.
You are immune to poison.
You have sharp fingernails.
Your flesh is cold resistant. (rC+)
You are immune to negative energy. (rN+++)
You do not regenerate when monsters are visible.
You are immune to unholy pain and torment.
You can survive without breathing.


Message History

The jelly hits you but does no damage. The adder zombie bites you.
The jelly hits you but does no damage.
You are too injured to fight recklessly!
You hit the jelly.
Your claws burn!
The jelly is almost dead.
The adder zombie barely misses you. The jelly completely misses you.
The adder zombie bites you.
You hit the jelly but do no damage.
Your claws burn!
* * * LOW HITPOINT WARNING * * *
The jelly is almost dead.
The jelly hits you.
* * * LOW HITPOINT WARNING * * *
You are splashed with acid!
* * * LOW HITPOINT WARNING * * *
You feel better. The ufetubus barely misses you.
You riposte.
Your ring mail prevents you from hitting the ufetubus.
The ufetubus misses you. The jelly hits you.
* * * LOW HITPOINT WARNING * * *
You are splashed with acid!
You die...

....... ...$.
..... # #...#
## #
..####...##.#.#
#..............
#.....J...#
##.....@..##
(.....Z5...#
..##.......#
......##.......
./.... .)..#..
##.... ....# #
#... .....#
#... .......
..? .##..#.


You could see a jelly, an ufetubus and an adder zombie.

Vanquished Creatures
  Sigmund (D:3)
  A phantom (D:4)
  2 big kobolds (Sewer)
  A scorpion (D:4)
  2 hounds (D:4)
  A howler monkey zombie (D:2)
  2 adders
  2 oozes
  An adder skeleton (D:2)
  2 dart slugs (D:1)
  4 leopard geckos
  An orc (D:3)
  4 ball pythons
  2 bat skeletons (D:2)
  5 giant cockroaches
  5 goblins
  7 hobgoblins
  19 kobolds
  4 quokkas
  A ball python skeleton (D:2)
  8 bats
  6 frilled lizards
  3 jackal zombies (D:2)
  2 leopard gecko zombies (D:2)
  A quokka zombie (D:2)
  7 rats
94 creatures vanquished.

Vanquished Creatures (others)
  A withered plant (D:4)
1 creature vanquished.

Grand Total: 95 creatures vanquished

Notes
Turn   | Place    | Note
-------+----------+-------------------------------------------
     0 | D:1      | Borgoz the Ghoul Gladiator began the quest for the Orb.
     0 | D:1      | Reached XP level 1. HP: 17/17 MP: 0/0
   158 | D:1      | Reached XP level 2. HP: 20/25 MP: 1/1
   509 | D:1      | Reached skill level 1 in Armour
   636 | D:1      | Reached XP level 3. HP: 29/30 MP: 2/2
  1148 | D:2      | Found a faded altar of an unknown god.
  1799 | D:2      | Reached XP level 4. HP: 37/37 MP: 3/3
  2323 | D:3      | Noticed Sigmund
  2342 | D:3      | Killed Sigmund
  2343 | D:3      | Reached XP level 5. HP: 22/45 MP: 4/4
  2343 | D:3      | Reached XP level 6. HP: 26/51 MP: 5/5
  2562 | D:3      | Found a glowing drain.
  2585 | Sewer    | Entered a sewer
  3327 | D:3      | Found a blossoming altar of Fedhas.
  3390 | D:4      | Noticed a phantom
  3621 | D:4      | Killed a phantom
  3622 | D:4      | Reached XP level 7. HP: 28/58 MP: 6/6
  3956 | D:4      | Found a sacrificial altar of Ru.
  3994 | D:4      | Found a stormy altar of Qazlal.
  4010 | D:4      | Found an ancient bone altar of Kikubaaqudgha.
  4012 | D:4      | Found a bloodstained altar of Trog.
  4058 | D:4      | Found a glowing silver altar of Zin.
  4058 | D:4      | Found a snail-covered altar of Cheibriados.
  4060 | D:4      | Found a radiant altar of Vehumet.
  4450 | D:5      | Entered Level 5 of the Dungeon
  4460 | D:5      | Splashed by a jelly's acid

Illustrated notes

Levels and vault maps discovered:
D:1:      ncdulo_halloftheorcs, layout_loops_corners, chequers_garden
D:2:      layout_loops_corners, chequers_ecumenical_altar_island, serial_undead,
          serial_undead_d, serial_undead_e, serial_undead_d, serial_undead_a,
          serial_undead_a, serial_undead_a, serial_undead_c,
          minmay_split_cup_small
D:3:      layout_loops_ring, marbit_many_paths, cheibrodos_sewer_entry_drain,
          minmay_misc_feat_roman, uniq_sigmund
D:4:      layout_cave_pools, grunt_qazlal_clouds, lemuel_doored_altar,
          kiku_gazebo_garden_becter, minitemple, serial_column_ruins,
          column_ruins_square_large, column_ruins_hut,
          column_ruins_columns_corner, column_ruins_grid_3,
          column_ruins_open_tiny, column_ruins_columns_dead_end,
          column_ruins_corridor_straight
D:5:      layout_cave_pools, kennysheep_mini, overflow_temple_1_default,
          serial_shops, shop, uniq_duvessa

Skill      XL: |  1  2  3  4  5  6  7 |
---------------+----------------------+-----
Long Blades    | 3 4 |  4.9
Armour         | 1 2 3 |  3.9
Dodging        | 3 |  3.9
Fighting       | 3 4 |  4.0
Throwing       | |  1.7

Action                   |  1- 3 |  4- 6 |  7- 9 || total
-------------------------+-------+-------+-------++-------
Melee: Long sword        |   118 |   190 |    43 ||   351
Throw: Throwing net      |       |     1 |       ||     1
  Use: Potion            |       |     2 |     1 ||     3
Armor: Leather armour    |    31 |       |       ||    31
       Ring mail         |     8 |    83 |    15 ||   106
Dodge: Dodged            |    85 |   139 |    37 ||   261
       Rpst.: Long sword |    21 |    53 |    10 ||    84
